AoeStats
← Hakka

Coastal Forest

511039800Analyzed
4v4 RM · 3h ago on Oct 3, 2026· 26m 15s· 8 players
Game mode
Random Map
Map size
Large (8 player)
Population
200
Speed
Normal
Resources
Standard
Victory
Conquest
Starting age
Dark Age
Ending age
Imperial Age
RankedLock teamsTeams togetherTeam positionsShared explorationLock speedFull tech treeHidden civsTurbo modeCheats
Victory
Defeat
🇹🇼 Vietnamese · Taiwan
1527
+9
🇭🇰 Italians · Hong Kong SAR China
1466
+12
🇹🇼 Mongols · Taiwan
1466
+12
🇹🇼 Varangians · Taiwan
1206
+23
🇨🇳 Armenians · China
1412
-16
🇹🇼 Burgundians · Taiwan
1376
-14
🇺🇸 Inca · United States
1340
-13
🇬🇧 Lithuanians · United Kingdom
1339
-13
lun
5:07 Double-Bit Axe
7:04 Loom
10:46 Feudal Age
11:49 Bow Saw
14:41 Wheelbarrow
14:32 Scale Barding Armor
14:42 Forging
16:32 Scale Barding Armor
22:14 Gold Mining
22:05 Horse Collar
Wkd Br0
6:18 Loom
9:37 Feudal Age
10:29 Double-Bit Axe
11:48 Horse Collar
18:18 Scale Barding Armor
21:01 Bloodlines
25:39 Castle Age
鱼塘里的鱼儿
7:40 Loom
14:43 Feudal Age
15:33 Double-Bit Axe
18:25 Castle Age
16:14 Fishing Lines
17:38 Gold Mining
20:04 Medium Warships
21:40 Wheelbarrow
20:55 Town Watch
22:23 Bow Saw
Hakka
10:04 Feudal Age
10:11 Man-at-Arms
11:28 Long Swordsman
13:28 Scale Mail Armor
13:38 Forging
16:13 Horse Collar
16:20 Loom
22:13 Pikeman
鯊魚86
9:40 Loom
12:13 Feudal Age
16:06 Castle Age
14:29 Gold Mining
14:27 Double-Bit Axe
16:30 Town Watch
16:59 Medium Warships
17:34 Wheelbarrow
17:11 Bow Saw
22:39 Fletching
24:20 Bodkin Arrow
24:42 Fishing Lines
26:04 Gillnets
來涵老師這邊
5:52 Loom
11:47 Feudal Age
11:50 Man-at-Arms
16:20 Double-Bit Axe
18:45 Fletching
22:58 Castle Age
21:35 Padded Archer Armor
22:50 Gold Mining
23:02 Crossbowman
23:38 Bodkin Arrow
26:07 Bow Saw
27:20 Wheelbarrow
26:30 Town Watch
Ma
11:10 Feudal Age
11:31 Loom
11:57 Double-Bit Axe
14:49 Castle Age
14:30 Bloodlines
16:00 Fishing Lines
23:10 Bow Saw
23:53 Husbandry
25:31 Medium Warships
25:28 Gillnets
lamlam32
5:47 Loom
8:43 Feudal Age
9:49 Double-Bit Axe
16:15 Scale Barding Armor
23:08 Castle Age
21:18 Gold Mining
22:07 Bloodlines
22:09 Forging
24:05 Bow Saw
Connection lost

Rejoining the realm…

Still unreachable

The connection could not be restored.

Session expired

The server has moved on; the page needs a fresh start.